 Dungeon Crawl Stone Soup version 0.28-a0-821-g923ab73998 (webtiles) character file.

Game seed: 4449509153798785897

2 Decritt the Chopper (level 1, -2/20 HPs)
             Began as a Hill Orc Monk on Nov 9, 2021.
             Slain by a quokka (3 damage)
             ... on level 1 of the Dungeon.
             The game lasted 00:00:31 (62 turns).

Decritt the Chopper (Hill Orc Monk)                   Turns: 62, Time: 00:00:32

Health: -2/20      AC:  2    Str: 13    XL:     1   Next: 40%
Magic:  1/1        EV: 12    Int: 10    God:
Gold:   0          SH:  0    Dex: 13    Spells: 0/0 levels left

rFire   . . .      SeeInvis .   a - +0 hand axe
rCold   . . .      Faith    .   (no shield)
rNeg    . . .      Spirit   .   b - +0 robe
rPois   .          Reflect  .   (no helmet)
rElec   .          Harm     .   (no cloak)
rCorr   .          Rampage  .   (no gloves)
Will    .....                   (no boots)
Stlth   ++........              (no amulet)
HPRegen 0.06/turn               (no ring)
MPRegen 0.07/turn               (no ring)

@: no status effects
A: no striking features
a: no special abilities


You were on level 1 of the Dungeon.
You visited 1 branch of the dungeon, and saw 1 of its levels.

Inventory:

Hand Weapons
 a - a +0 hand axe (weapon)
Armour
 b - a +0 robe (worn)


   Skills:
 * Level 3.7 Fighting
 * Level 4.1 Axes
 + Level 0.1 Armour
 - Level 2.4 Dodging
 - Level 1.5 Stealth


You couldn't memorise any spells.
You didn't know any spells.
Your spell library was empty.

Dungeon Overview and Level Annotations

Branches:
Dungeon (1/15)

Altars:


Message History

You hit the goblin but do no damage. The goblin closely misses you.
You hit the goblin.
You kill the goblin!
A quokka is nearby!
A quokka and a hobgoblin come into view.
The hobgoblin shouts!
You barely miss the quokka. The quokka bites you.
You barely miss the quokka. The quokka misses you.
A giant cockroach comes into view.
The quokka bites you.
You closely miss the quokka. The quokka bites you. The quokka misses you.
The quokka bites you.
* * * LOW HITPOINT WARNING * * *
You are too injured to fight recklessly!
You are too injured to fight recklessly!
You are too injured to fight recklessly!
You are too injured to fight recklessly!
You closely miss the quokka. The quokka barely misses you.
You hit the quokka.
The quokka is severely wounded.
The quokka bites you but does no damage.
The quokka bites you.
* * * LOW HITPOINT WARNING * * *
You completely miss the quokka.
The quokka is severely wounded.
The quokka barely misses you.
You hit the quokka.
You kill the quokka!
The quokka bites you.
* * * LOW HITPOINT WARNING * * *
You barely miss the quokka. The quokka bites you.
* * * LOW HITPOINT WARNING * * *
You hit the quokka.
The quokka is severely wounded.
The quokka barely misses you.
You hit the quokka but do no damage.
The quokka is severely wounded.
The quokka bites you.
You die...

#.# #.## ##.# #.## .
##.# #####.. #.##
....... #.....#.##
.......
#....###.####.....g.
#.... ##..@#.......
#... ####rg......
#..## # #.B######.
#.# #.#.## .. #.
####.)r## .#
#........##.#
.......B..#.##..#
....####........#
...# #....###.#


You could see a quokka, a giant cockroach and a hobgoblin.

Vanquished Creatures
  A goblin (D:1)
  A quokka (D:1)
2 creatures vanquished.

Notes
Turn   | Place    | Note
-------+----------+-------------------------------------------
     0 | D:1      | Decritt the Hill Orc Monk began the quest for the Orb.
     0 | D:1      | Reached XP level 1. HP: 19/19 MP: 1/1
    60 | D:1      | HP: 1/20 [quokka (2)]
    62 | D:1      | Slain by a quokka

Illustrated notes

Levels and vault maps discovered:
D:1:      dpeg_arrival_solitude, layout_loops_ring,
          dilly_ecumenical_altar_fadedgnrine, hangedman_decor_growths,
          minmay_gold_behind_fungi, serial_bayou_pond_e

Action                   || total
-------------------------++-------
Melee: Hand axe          ||    14
Armor: Robe              ||     1
Dodge: Dodged            ||     7

Table legend: (Time is in decaauts)
 A = Elapsed time spent in this place.
 B = Non-inter-level travel time spent in this place.
 C = Inter-level travel time spent in this place.
 D = Time resting spent in this place.
 E = Time spent auto-exploring this place.
 F = Levels seen in this place.
 G = Mean time per level.
                   A        B        C        D        E       F      G
               +--------+--------+--------+--------+--------+-----+--------+
         Total |     63 |     63 |      0 |      0 |     25 |   1 |   63.0 |
       Dungeon |     63 |     63 |      0 |      0 |     25 |   1 |   63.0 |
               +--------+--------+--------+--------+--------+-----+--------+

Top non-repeatable levels by time:
     D:1: 63 daAuts
